 Dungeon Crawl Stone Soup version 0.25-a0-737-g26c3a87c45 (webtiles) character file.

Game seed: 9601856451630661258, levelgen mode: deterministic

91 Esekla the Slasher (level 4, 0/35 HPs)
             Began as a Barachi Warper on Apr 11, 2020.
             Succumbed to a worker ant's poison
             ... on level 2 of the Dungeon.
             The game lasted 00:12:46 (2329 turns).

Esekla the Slasher (Barachi Warper)                 Turns: 2329, Time: 00:12:46

Health: 0/35       AC:  4    Str: 12    XL:     4   Next: 57%
Magic:  4/7        EV: 12    Int: 13    God:
Gold:   137        SH:  0    Dex: 13    Spells: 3/7 levels left

rFire    . . .     SeeInvis .   a - +0 falchion
rCold    . . .     Gourm    .   (no shield)
rNeg     . . .     Faith    .   b - +0 leather armour
rPois    .         Spirit   .   (no helmet)
rElec    .         Reflect  .   (no cloak)
rCorr    .         Harm     .   (no gloves)
MR       .....                  g - +0 pair of boots
Stlth    +.........             (no amulet)
HPRegen  0.11/turn              (no ring)
MPRegen  0.10/turn              (no ring)

@: lethally poisoned (0 -> -4), can't hop, flying, slow
A: +LOS, swims, slowness 1, strong legs 1
a: Hop


You were on level 2 of the Dungeon.
You were not hungry.

You visited 1 branch of the dungeon, and saw 3 of its levels.

You collected 137 gold pieces.

Inventory:

Hand Weapons
 a - a +0 falchion (weapon)
Missiles
 e - 5 boomerangs of dispersal (quivered)
Armour
 b - a +0 leather armour (worn)
 g - a +0 pair of boots (worn)
Jewellery
 p - an uncursed amulet of harm {unknown}
Scrolls
 d - 2 scrolls of blinking
 i - 4 scrolls of identify {unknown}
 k - a scroll of enchant weapon {unknown}
 l - 2 scrolls of remove curse {unknown}
 n - a scroll of teleportation {unknown}
 q - a scroll of magic mapping {unknown}
Potions
 c - a potion of berserk rage {unknown}
 h - a potion of brilliance {unknown}
 j - a potion of heal wounds {unknown}
 m - a potion of mutation {unknown}
 o - a potion of flight
Comestibles
 f - 2 rations


   Skills:
 * Level 3.1 Fighting
 * Level 4.0 Long Blades
 + Level 1.0 Throwing
 + Level 2.0 Armour
 + Level 2.8 Dodging
 + Level 2.2 Spellcasting
 * Level 1.2 Charms
 + Level 3.4 Translocations


You had 3 spell levels left.
You knew the following spells:

 Your Spells              Type           Power        Failure   Level  Hunger
a - Shroud of Golubria    Chrm/Tloc      #.....       19%         2    ###....
b - Blink                 Tloc           N/A          12%         2    ###....

Your spell library contained the following spells:

 Spells                   Type           Power        Failure   Level  Hunger
 Gell's Gravitas          Tloc           ##........   22%         3    ####...
 Lesser Beckoning         Tloc           ##........   22%         3    ####...
 Teleport Other           Tloc           ##......     22%         3    ####...
 Passage of Golubria      Tloc           N/A          58%         4    #####..


Dungeon Overview and Level Annotations

Branches:
Dungeon (3/15)

Altars:
Dithmenos
Hepliaklqana


Innate Abilities, Weirdness & Mutations

You can be seen from farther away. (+LOS)
You can swim through water.
You cover ground slowly.
You can hop short distances.


Message History

The giant cockroach closely misses you.
You riposte.
You closely miss the giant cockroach.
Hop to where?
Press: ? - help, Dir - move target cursor Boing!
* * * LOW HITPOINT WARNING * * *
You feel sick. The kobold hits you.
* * * LOW HITPOINT WARNING * * *
There is a stone staircase leading up here.
* * * LOW HITPOINT WARNING * * *
You feel sick.
The worker ant waves its antennae.
The kobold hits you but does no damage.
You climb upwards.
There is a stone staircase leading down here.
It was a potion of flight.
You feel very buoyant.
You fly up into the air.
You die...

#.#...#.##.##...........##.####..
..###..........#........##..##...
#####........#..........##.......
##.............#........####..##.
...####..)...#...#..########.###.
#### #......##..##..........##..
#######......#######.............
................K###...........#.
################@................
#####..........#.. #..........###
#..........# ############


You could see a kobold.

Vanquished Creatures
  An orc wizard (D:3)
  2 adders
  A worm (D:1)
  2 dart slugs
  An orc (D:3)
  3 giant cockroaches
  5 hobgoblins
  4 jackals (D:1)
  2 quokkas (D:2)
  2 bats
  A frilled lizard (D:2)
  5 goblins
  2 kobolds
  3 rats
34 creatures vanquished.

Notes
Turn   | Place    | Note
-------+----------+-------------------------------------------
     0 | D:1      | Esekla the Barachi Warper began the quest for the Orb.
     0 | D:1      | Reached XP level 1. HP: 17/17 MP: 3/3
    83 | D:1      | Reached XP level 2. HP: 3/23 MP: 5/5
    87 | D:1      | Learned a level 2 spell: Shroud of Golubria
    90 | D:1      | Learned a level 2 spell: Blink
   952 | D:2      | Found a hazy altar of Hepliaklqana.
   974 | D:2      | HP: 1/23 [quokka (2)]
   975 | D:2      | Reached skill level 3 in Long Blades
  1291 | D:2      | Reached XP level 3. HP: 28/28 MP: 6/6
  1376 | D:2      | Noticed a black bear
  1530 | D:2      | Reached skill level 1 in Charms
  1542 | D:2      | Found a shadowy altar of Dithmenos.
  2296 | D:3      | Reached XP level 4. HP: 35/35 MP: 7/7
  2321 | D:3      | Reached skill level 4 in Long Blades
  2327 | D:3      | HP: 1/35 [poisoned by a worker ant]
  2329 | D:2      | Succumbed to a worker ant's poison

Levels and vault maps discovered:
D:1:      minmay_arrival_plants_in_alcoves, layout_basic,
          minmay_misc_feat_more_columns
D:2:      layout_rooms, nicolae_dithmenos_shadow_blocks, lemuel_crystal_altar,
          first_ration
D:3:      layout_rooms, kennysheep_slug_shrine, marbit_many_paths,
          overflow_temple_1_default

Skill      XL: |  1  2  3  4 |
---------------+-------------+-----
Long Blades    | 3 4 |  4.0
Charms         | 1 |  1.2
Fighting       | 3 |  3.1
Armour         | 2 |  2.0
Throwing       | |  1.0
Dodging        | |  2.8
Spellcasting   | |  2.2
Translocations | |  3.4

Action                   |  1- 3 |  4- 6 || total
-------------------------+-------+-------++-------
Melee: Falchion          |   148 |    22 ||   170
 Cast: Shroud of Golubri |     6 |     1 ||     7
       Blink             |     2 |     1 ||     3
 Abil: Hop               |     2 |     1 ||     3
  Use: Potion            |       |     1 ||     1
  Eat: Chunk             |     3 |       ||     3
       Ration            |     1 |       ||     1
Armor: Leather armour    |    58 |     4 ||    62
Dodge: Dodged            |   125 |    14 ||   139
       Rpst.: Falchion   |    38 |     3 ||    41

Table legend:
 A = Non-vault XP
 B = Vault XP
 C = Vault XP percentage of total XP
 D = Non-vault monster count
 E = Vault monster count
 F = Vault count percentage of total count
                 A         B        C        D         E       F
            +---------+---------+-------+---------+---------+-------
      Total |     130 |       0 |   0.0 |      34 |       0 |   0.0
            +---------+---------+-------+---------+---------+-------
        D:1 |      46 |       0 |   0.0 |      18 |       0 |   0.0
        D:2 |      33 |       0 |   0.0 |      12 |       0 |   0.0
        D:3 |      51 |       0 |   0.0 |       4 |       0 |   0.0
            +---------+---------+-------+---------+---------+-------
